 Dungeon Crawl Stone Soup version 0.29.1-2-gbd0b4ee654 (webtiles) character file.

Game seed: 8932067787590224334

574 caveyogi the Trooper (level 7, -5/74 HPs)
             Began as an Ogre Berserker on Nov 16, 2022.
             Was a Priest of Trog.
             Slain by an ice beast (6 damage)
             ... on level 5 of the Dungeon on Nov 17, 2022.
             The game lasted 00:50:00 (3219 turns).

caveyogi the Trooper (Ogre Berserker)               Turns: 3219, Time: 00:50:01

Health: -5/74      AC:  3    Str: 22    XL:     7   Next: 35%
Magic:  7/7        EV: 10    Int:  8    God:    Trog [***...]
Gold:   354        SH:  0    Dex: 10    Spells: 6/6 levels left

rFire   . . .      SeeInvis .   y - +11 plutonium sword {Contam Stlth-}
rCold   . . .      Faith    .   (shield currently unavailable)
rNeg    . . .      Spirit   .   b - +0 animal skin
rPois   .          Reflect  .   (helmet restricted)
rElec   .          Harm     .   (no cloak)
rCorr   .          Rampage  .   (gloves unavailable)
Will    +++..                   (boots unavailable)
Stlth   ..........              i - amulet of regeneration
HPRegen 2.02/turn               F - ring of willpower
MPRegen 0.10/turn               (no ring)

@: strong-willed, regenerating
A: large, unfitting armour, tough skin 1
a: Renounce Religion, Berserk, Trog's Hand


You were on level 5 of the Dungeon.
You worshipped Trog.
Trog was most pleased with you.
You visited 1 branch of the dungeon, and saw 5 of its levels.

You collected 354 gold pieces.

Inventory:

Hand Weapons
 a - a +0 spear
 g - a +0 morningstar
 y - the +11 plutonium sword (weapon) {Contam Stlth-}
   (You found it on level 3 of the Dungeon)

   It occasionally inflicts wild transmutation effects on those it strikes,
   inflicting malmutation or extra damage, or polymorphing them into a new form.
   Contam:    It causes magical contamination when unequipped.
   Stlth:     It makes you less stealthy.
Missiles
 e - 5 atropa-tipped darts (quivered)
 f - 2 poisoned darts
 l - 67 stones
Armour
 b - a +0 animal skin (worn)
Jewellery
 i - an amulet of regeneration (around neck)
 j - an amulet of the acrobat
 F - a ring of willpower (left hand)
 G - an amulet of faith
Wands
 D - a wand of iceblast (15)
Scrolls
 c - 2 scrolls of vulnerability {unknown}
 d - 3 scrolls of butterflies {unknown}
 k - 3 scrolls of identify {unknown}
 n - 2 scrolls of blinking {unknown}
 p - a scroll of poison {unknown}
 q - 3 scrolls of teleportation {unknown}
 r - a scroll of amnesia {unknown}
 t - a scroll of enchant armour {unknown}
 u - a scroll of enchant weapon {unknown}
 v - a scroll of torment {unknown}
 w - a scroll of magic mapping {unknown}
 x - 2 scrolls of immolation {unknown}
 B - a scroll of noise {unknown}
Potions
 h - a potion of berserk rage {unknown}
 m - 2 potions of haste {unknown}
 o - a potion of ambrosia {unknown}
 s - 2 potions of degeneration {unknown}
 z - a potion of attraction {unknown}
 A - a potion of curing {unknown}
 C - a potion of brilliance {unknown}
 E - a potion of cancellation {unknown}


   Skills:
 + Level 5.7 Fighting
 + Level 3.0 Long Blades
 + Level 2.5 Maces & Flails
 + Level 4.5 Polearms
 + Level 4.1 Dodging
 + Level 0.3 Stealth


You had 6 spell levels left.
You didn't know any spells.
Your spell library contained the following spells:

 Spells                   Type           Power      Damage    Failure   Level
 Sandblast                Erth           0%         2d4       41%         1
 Passwall                 Tmut/Erth      0%         N/A       54%         2
 Stone Arrow              Conj/Erth      0%         3d7       78%         3
 Summon Ice Beast         Ice/Summ       0%         N/A       99%         4
 Summon Mana Viper        Hex/Summ       0%         N/A       100%        5
 Monstrous Menagerie      Summ           0%         N/A       100%        7


Dungeon Overview and Level Annotations

Branches:
Dungeon (5/15)
 Temple: D:4-7

Altars:
Cheibriados


Innate Abilities, Weirdness & Mutations

You are too large for most types of armour.
You have tough skin. (AC +1)


Message History

A dart slug comes into view.
The dart slug moves out of view.
The dart slug launches a dart at you. The slug dart hits you.
You slice the dart slug!!
You kill the dart slug!
Trog accepts your kill.
An ice beast comes into view.
The ice beast moves out of view.
The ice beast hits you. The ice beast freezes you!
You barely miss the ice beast. The ice beast barely misses you.
The ice beast hits you. The ice beast freezes you!
You barely miss the ice beast. The ice beast hits you.
The ice beast freezes you! The ice beast hits you. The ice beast freezes you.
You barely miss the ice beast. The ice beast barely misses you.
You barely miss the ice beast. The ice beast hits you.
The ice beast freezes you! The ice beast completely misses you.
You slash the ice beast!
The ice beast is moderately wounded.
You hear a bark!
The ice beast hits you. The ice beast freezes you!
* * * LOW HITPOINT WARNING * * *
The ice beast barely misses you.
Your skin crawls.
You feel strong-willed. The ice beast hits you.
* * * LOW HITPOINT WARNING * * *
The ice beast freezes you!
* * * LOW HITPOINT WARNING * * *
A hound comes into view.
The hound pauses to sniff the ground.
The hound moves out of view.
The ice beast hits you.
* * * LOW HITPOINT WARNING * * *
The ice beast freezes you!
* * * LOW HITPOINT WARNING * * *
The ice beast attacks as you move away! The ice beast hits you.
* * * LOW HITPOINT WARNING * * *
The ice beast freezes you.
You die...

#.# ....#. #.# ....#. #.#
...#. #.# ##.... #.#
...#..##.#
...##....################
.................Y.......
.........#.#.###@##......
...##..###.#.# #.# .....
##..###.#.###.# ....
#...........#.## ...
#..............# .....
#...†...#.#.#..# #.# #
#...###.#.#.#..# #.#
#...# #.#.#.#<.# #.#
#.#.. .
.###...###.#.#.#..# #.#
#.#.# #


You could see an ice beast.

Vanquished Creatures
  An ogre (D:4)
  2 phantoms
  A necrophage (D:4)
  A jelly (D:4)
  A hound (D:5)
  An iguana (D:4)
  Terence (D:2)
  Ijyb (D:5)
  2 adders
  A white imp (D:3)
  4 worms
  5 dart slugs
  5 ball pythons
  10 bats
  11 endoplasms
  3 giant cockroaches
  10 goblins
  8 hobgoblins
  6 jackals (D:1)
  10 kobolds
  A quokka (D:1)
  6 frilled lizards
  3 rats
94 creatures vanquished.

Vanquished Creatures (others)
  An adder (D:4)
1 creature vanquished.

Grand Total: 95 creatures vanquished

Notes
Turn   | Place    | Note
-------+----------+-------------------------------------------
     0 | D:1      | caveyogi the Ogre Berserker began the quest for the Orb.
     0 | D:1      | Reached XP level 1. HP: 24/24 MP: 1/1
   155 | D:1      | Reached XP level 2. HP: 31/32 MP: 2/2
   379 | D:1      | Reached XP level 3. HP: 20/40 MP: 3/3
   714 | D:1      | Reached ** piety under Trog
   881 | D:2      | Found a faded altar of an unknown god.
   942 | D:2      | Noticed a phantom
   963 | D:2      | Killed a phantom
   964 | D:2      | Reached XP level 4. HP: 13/49 MP: 4/4
   964 | D:2      | Reached XP level 5. HP: 15/55 MP: 5/5
  1202 | D:2      | Noticed Terence
  1207 | D:2      | Killed Terence
  1494 | D:2      | Reached skill level 1 in Maces & Flails
  1684 | D:3      | Reached skill level 5 in Fighting
  2138 | D:3      | Found the +11 plutonium sword {Contam Stlth-}
  2344 | D:3      | Found a snail-covered altar of Cheibriados.
  2426 | D:4      | Reached XP level 6. HP: 64/66 MP: 6/6
  2427 | D:4      | Reached *** piety under Trog
  2479 | D:4      | Reached skill level 1 in Long Blades
  2532 | D:4      | Reached XP level 7. HP: 66/72 MP: 7/7
  3054 | D:5      | Entered Level 5 of the Dungeon
  3078 | D:5      | Noticed Ijyb
  3085 | D:5      | Killed Ijyb
  3218 | D:5      | HP: 3/74 [ice beast (7)]
  3219 | D:5      | HP: 1/74 [ice beast (2)]
  3219 | D:5      | Slain by an ice beast

Illustrated notes

Levels and vault maps discovered:
D:1:      minmay_arrival_loop, layout_loops_ring, minmay_pentomino_o2
D:2:      layout_rooms, ebering_ecumenical_altar_mist, moated_statue,
          uniq_terence
D:3:      layout_loops_ring, chei_slow_surprise
D:4:      layout_loops_ring, nicolae_figureground_sparkle
D:5:      minmay_recursive_quarters, layout_basic, uniq_ijyb

Skill      XL: |  1  2  3  4  5  6  7 |
---------------+----------------------+-----
Dodging        | 3 4 |  4.1
Polearms       | 4 |  4.5
Maces & Flails | 1 2 |  2.5
Fighting       | 5 |  5.7
Long Blades    | 2 3 |  3.0
Stealth        | |  0.3

Action                   |  1- 3 |  4- 6 |  7- 9 || total
-------------------------+-------+-------+-------++-------
Melee: Spear             |   113 |       |       ||   113
       Morningstar       |    21 |   114 |       ||   135
       Punch             |     1 |     2 |       ||     3
       Triple sword      |       |    27 |    28 ||    55
Throw: Dart              |     1 |       |       ||     1
Invok: Berserk           |     2 |     1 |       ||     3
       Trog's Hand       |       |       |     1 ||     1
Armor: Animal skin       |    25 |    62 |     5 ||    92
Dodge: Dodged            |    55 |   124 |    16 ||   195
